NWL (28 & UNDER)
CULVER CITY EXTRAS @ BALZAC RAMS
08/07/2027
 
TOP OF THE 1ST
Culver City Extras batting - Pitching for Balzac Rams : LHP Juan Jiménez
Pitching: LHP Juan Jiménez
Batting: RHB Augusto Trevino 0-0: Ball
1-0: Called Strike
1-1: Ball
2-1: Ball
3-1: Base on Balls
Batting: RHB Horace Johnson 0-0: Ball
1-0: Fly out, F8 (Flyball, 8RD)
Batting: RHB Ramón Molina 0-0: Foul Ball, location: 2F
0-1: Foul Ball, location: 2F
0-2: Foul Ball, location: 2F
0-2: Ball
1-2: SINGLE (Flyball, 8LS)
Augusto Trevino to second
Batting: LHB Benny Richard 0-0: Reached on error, E4 (Groundball, 4)
Augusto Trevino to third
Ramón Molina to second
Batting: RHB Cooper Richard 0-0: Ball
1-0: Ball
2-0: DOUBLE (Line Drive, 78D)
Augusto Trevino scores
Ramón Molina scores
Benny Richard to third
Runner from 3rd tries for Home, throw and OUT!
Cooper Richard to third
Batting: RHB Ryan Parrish 0-0: Ball
1-0: Ball
2-0: Called Strike
2-1: Ball
3-1: Swinging Strike
3-2: Strikes out swinging
Top of the 1st over - 2 run(s), 2 hit(s), 1 error(s), 1 left on base; Culver City 2 - Balzac 0
BOTTOM OF THE 1ST
Balzac Rams batting - Pitching for Culver City Extras : RHP Luis Ramírez
Pitching: RHP Luis Ramírez
Batting: RHB Jason Ward 0-0: Called Strike
0-1: Ball
1-1: Swinging Strike
1-2: Ball
2-2: Strikes out swinging
Batting: RHB Brian Parks 0-0: Called Strike
0-1: Ball
1-1: Swinging Strike
1-2: Foul Ball, location: 2F
1-2: Ball
2-2: Strikes out looking
Batting: RHB Luis Suárez 0-0: Called Strike
0-1: Foul Ball, location: 2F
0-2: Strikes out looking
Bottom of the 1st over - 0 run(s), 0 hit(s), 0 error(s), 0 left on base; Culver City 2 - Balzac 0
TOP OF THE 2ND
Culver City Extras batting - Pitching for Balzac Rams : LHP Juan Jiménez
Batting: LHB Richard Bell 0-0: Ground out 4-3 (Groundball, 4)
Batting: LHB Brian Ford 0-0: Called Strike
0-1: Ball
1-1: Called Strike
1-2: Foul Ball, location: 2F
1-2: Ball
2-2: Ground out U3 (Groundball, 3)
Batting: RHB Daniel Santiago 0-0: Ball
1-0: Swinging Strike
1-1: Ball
2-1: Swinging Strike
2-2: Strikes out swinging
Top of the 2nd over - 0 run(s), 0 hit(s), 0 error(s), 0 left on base; Culver City 2 - Balzac 0
BOTTOM OF THE 2ND
Balzac Rams batting - Pitching for Culver City Extras : RHP Luis Ramírez
Batting: RHB James Tucker 0-0: Called Strike
0-1: Called Strike
0-2: Strikes out looking
Batting: RHB Tommy Wilson 0-0: Foul Ball, location: 2F
0-1: Ball
1-1: Called Strike
1-2: Foul Ball, location: 2F
1-2: Fly out, F6 (Popup, 6)
Batting: RHB Félix Quintero 0-0: Ball
1-0: Ball
2-0: Ball
3-0: Base on Balls
Batting: RHB Santiago Rivera 0-0: Ball
1-0: Ball
2-0: Ball
3-0: Swinging Strike
3-1: Called Strike
3-2: Strikes out swinging
Bottom of the 2nd over - 0 run(s), 0 hit(s), 0 error(s), 1 left on base; Culver City 2 - Balzac 0
TOP OF THE 3RD
Culver City Extras batting - Pitching for Balzac Rams : LHP Juan Jiménez
Batting: RHB Augusto Trevino 0-0: Foul Ball, location: 2F
0-1: Fly out, F8 (Flyball, 8LM)
Batting: RHB Horace Johnson 0-0: Ball
1-0: Ball
2-0: Called Strike
2-1: Ball
3-1: Foul Ball, location: 2F
3-2: Base on Balls
Batting: RHB Ramón Molina 0-0: Called Strike
0-1: Ball
1-1: Called Strike
1-2: Ball
2-2: Ball
3-2: Foul Ball, location: 2F
3-2: Base on Balls
Horace Johnson to second
Batting: LHB Benny Richard 0-0: Called Strike
0-1: Grounds into double play, 3-6-1 (Groundball, 34)
Top of the 3rd over - 0 run(s), 0 hit(s), 0 error(s), 1 left on base; Culver City 2 - Balzac 0
BOTTOM OF THE 3RD
Balzac Rams batting - Pitching for Culver City Extras : RHP Luis Ramírez
Batting: RHB Ricardo Muñóz 0-0: Foul Ball, location: 2F
0-1: Swinging Strike
0-2: Strikes out looking
Batting: RHB Enrique Castillo 0-0: Ball
1-0: Ball
2-0: Called Strike
2-1: Called Strike
2-2: Strikes out swinging
Batting: RHB Jason Ward 0-0: Ball
1-0: Called Strike
1-1: Ball
2-1: Called Strike
2-2: Ball
3-2: Strikes out swinging, 2-3 out at first.
Bottom of the 3rd over - 0 run(s), 0 hit(s), 0 error(s), 0 left on base; Culver City 2 - Balzac 0
TOP OF THE 4TH
Culver City Extras batting - Pitching for Balzac Rams : LHP Juan Jiménez
Batting: RHB Cooper Richard 0-0: Ball
1-0: Ball
2-0: Ball
3-0: Called Strike
3-1: Called Strike
3-2: Foul Ball, location: 2F
3-2: Base on Balls
Batting: RHB Ryan Parrish 0-0: Ball
1-0: Ball
2-0: Swinging Strike
2-1: Foul Ball, location: 2F
2-2: Ball
3-2: Foul Ball, location: 2F
3-2: Strikes out swinging
Batting: LHB Richard Bell 0-0: Swinging Strike
0-1: Called Strike
0-2: Ball
1-2: Ball
2-2: Foul Ball, location: 2F
2-2: Strikes out swinging
Batting: LHB Brian Ford 0-0: Foul Ball, location: 2F
0-1: Ball
1-1: Swinging Strike
1-2: Ball
2-2: Ball
3-2: Ground out 4-3 (Groundball, 4)
Top of the 4th over - 0 run(s), 0 hit(s), 0 error(s), 1 left on base; Culver City 2 - Balzac 0
BOTTOM OF THE 4TH
Balzac Rams batting - Pitching for Culver City Extras : RHP Luis Ramírez
Batting: RHB Brian Parks 0-0: Called Strike
0-1: Ball
1-1: Foul Ball, location: 2F
1-2: Ball
2-2: Ball
3-2: Foul Ball, location: 2F
3-2: Fly out, F9 (Flyball, 89M)
Batting: RHB Luis Suárez 0-0: DOUBLE (Line Drive, 9LM)
Batting: RHB James Tucker 0-0: Ground out 6-3 (Groundball, 6)
Luis Suárez to third
Batting: RHB Tommy Wilson 0-0: Called Strike
0-1: Reached on error, E5 (Groundball, 56S)
Luis Suárez scores
Batting: RHB Félix Quintero 0-0: Called Strike
0-1: Swinging Strike
0-2: Ball
1-2: Ball
2-2: Fielders Choice at 2nd, 6-4 (Groundball, 6)
Bottom of the 4th over - 1 run(s), 1 hit(s), 1 error(s), 0 left on base; Culver City 2 - Balzac 1
TOP OF THE 5TH
Culver City Extras batting - Pitching for Balzac Rams : LHP Juan Jiménez
Batting: RHB Daniel Santiago 0-0: Ground out 1-3 (Groundball, P)
Batting: RHB Augusto Trevino 0-0: Ball
1-0: Ball
2-0: Ball
3-0: Called Strike
3-1: Base on Balls
Batting: RHB Horace Johnson 0-0: Ball
1-0: Ball
2-0: Ball
3-0: Called Strike
3-1: Foul Ball, location: 2F
3-2: Base on Balls
Augusto Trevino to second
Batting: RHB Ramón Molina 0-0: Ball
1-0: Ball
2-0: Grounds into double play, 6-4-3 (Groundball, 6)
Top of the 5th over - 0 run(s), 0 hit(s), 0 error(s), 1 left on base; Culver City 2 - Balzac 1
BOTTOM OF THE 5TH
Balzac Rams batting - Pitching for Culver City Extras : RHP Luis Ramírez
Batting: RHB Santiago Rivera 0-0: Ball
1-0: Ball
2-0: Called Strike
2-1: SOLO HOME RUN (Flyball, 78XD), Distance : 416 ft
Batting: RHB Ricardo Muñóz 0-0: Ball
1-0: Ball
2-0: Ball
3-0: Base on Balls
Batting: RHB Enrique Castillo 0-0: Ball
1-0: Ball
2-0: Ball
3-0: Base on Balls
Ricardo Muñóz to second
Batting: RHB Jason Ward 0-0: Ball
Passed Ball!
Ricardo Muñóz to third
Enrique Castillo to second
1-0: SINGLE (Flyball, 8LS)
Ricardo Muñóz scores
Enrique Castillo to third
Runner from 3rd tries for Home, SAFE, throw made home
Batting: RHB Brian Parks 0-0: SINGLE (Flyball, 7LS)
Jason Ward to second
Batting: RHB Luis Suárez 0-0: Called Strike
0-1: Foul Ball, location: 2F
0-2: Fielders Choice at 2nd, 4-6 (Groundball, 4)
Jason Ward to third
Now at SS: Dave Anderson
Batting: RHB James Tucker 0-0: Called Strike
Luis Suárez steals 2nd base
0-1: Called Strike
0-2: Ball
1-2: Foul Ball, location: 2F
1-2: Foul Ball, location: 2F
1-2: Strikes out swinging
Batting: RHB Tommy Wilson 0-0: Ball
1-0: Foul Ball, location: 2F
1-1: Ball
2-1: Swinging Strike
2-2: Strikes out looking
Bottom of the 5th over - 3 run(s), 3 hit(s), 0 error(s), 2 left on base; Culver City 2 - Balzac 4
TOP OF THE 6TH
Culver City Extras batting - Pitching for Balzac Rams : LHP Juan Jiménez
Batting: LHB Benny Richard 0-0: Called Strike
0-1: Ball
1-1: Ground out 4-3 (Groundball, 4)
Pitching: RHP José Cota
Batting: RHB Cooper Richard 0-0: Ball
1-0: Foul Ball, location: 2F
1-1: Foul Ball, location: 2F
1-2: Ball
2-2: Strikes out swinging
Batting: RHB Ryan Parrish 0-0: Called Strike
0-1: Ground out 1-3 (Groundball, 13)
Top of the 6th over - 0 run(s), 0 hit(s), 0 error(s), 0 left on base; Culver City 2 - Balzac 4
BOTTOM OF THE 6TH
Balzac Rams batting - Pitching for Culver City Extras : RHP Luis Ramírez
Pitching: LHP Cliff Williams
Batting: RHB Félix Quintero 0-0: Swinging Strike
0-1: Foul Ball, location: 2F
0-2: Foul Ball, location: 2F
0-2: Ball
1-2: Strikes out swinging
Batting: RHB Santiago Rivera 0-0: Ball
1-0: Ground out 5-3 (Groundball, 56)
Batting: RHB Ricardo Muñóz 0-0: Ball
1-0: Fly out, F3 (Popup, 3L)
Bottom of the 6th over - 0 run(s), 0 hit(s), 0 error(s), 0 left on base; Culver City 2 - Balzac 4
TOP OF THE 7TH
Culver City Extras batting - Pitching for Balzac Rams : RHP José Cota
Batting: LHB Richard Bell 0-0: Ball
1-0: Ball
2-0: Ball
3-0: Base on Balls
Pitching: LHP Martin Balsano
Batting: LHB Brian Ford 0-0: Ball
1-0: Ball
2-0: Ball
3-0: Called Strike
3-1: Swinging Strike
3-2: Fly out, F8 (Flyball, 8RM)
Pitching: LHP Pedro Guerra
Batting: RHB Daniel Santiago 0-0: Ball
1-0: Ball
2-0: Fly out, F9 (Flyball, 9)
Batting: RHB Augusto Trevino 0-0: Called Strike
0-1: Called Strike
0-2: Ball
1-2: Strikes out swinging, 2-3 out at first.
Top of the 7th over - 0 run(s), 0 hit(s), 0 error(s), 1 left on base; Culver City 2 - Balzac 4
BOTTOM OF THE 7TH
Balzac Rams batting - Pitching for Culver City Extras : LHP Cliff Williams
Batting: RHB Enrique Castillo 0-0: Ball
1-0: Ground out 4-3 (Groundball, 4)
Batting: RHB Jason Ward 0-0: Called Strike
0-1: Ball
1-1: Foul Ball, location: 2F
1-2: Ball
2-2: Strikes out swinging
Batting: RHB Brian Parks 0-0: Called Strike
0-1: Ball
1-1: DOUBLE (Line Drive, 89M)
Batting: RHB Luis Suárez 0-0: Ball
1-0: Ball
2-0: Called Strike
2-1: Ball
3-1: Fly out, F9 (Flyball, 9D)
Bottom of the 7th over - 0 run(s), 1 hit(s), 0 error(s), 1 left on base; Culver City 2 - Balzac 4
TOP OF THE 8TH
Culver City Extras batting - Pitching for Balzac Rams : LHP Pedro Guerra
Batting: RHB Dave Anderson 0-0: Called Strike
0-1: Ground out 5-3 (Groundball, 56)
Batting: RHB Ramón Molina 0-0: Ball
1-0: Foul Ball, location: 2F
1-1: Called Strike
1-2: Ball
2-2: Foul Ball, location: 2F
2-2: Foul Ball, location: 2F
2-2: Foul Ball, location: 2F
2-2: Foul Ball, location: 2F
2-2: Ball
3-2: Foul Ball, location: 2F
3-2: Foul Ball, location: 2F
3-2: Ground out 3-1 (Groundball, 34)
Batting: LHB Benny Richard 0-0: Called Strike
0-1: Ball
1-1: DOUBLE (Line Drive, 7LM)
Pitching: LHP Nick Johnson
Batting: RHB Cooper Richard 0-0: Called Strike
0-1: Ball
1-1: Foul Ball, location: 2F
1-2: Foul Ball, location: 2F
1-2: Ground out 6-3 (Groundball, 6S)
Top of the 8th over - 0 run(s), 1 hit(s), 0 error(s), 1 left on base; Culver City 2 - Balzac 4
BOTTOM OF THE 8TH
Balzac Rams batting - Pitching for Culver City Extras : LHP Cliff Williams
Pitching: LHP Henry Brown
Batting: RHB James Tucker 0-0: Swinging Strike
0-1: SOLO HOME RUN (Flyball, 7LD), Distance : 428 ft
Batting: RHB Tommy Wilson 0-0: Called Strike
0-1: Swinging Strike
0-2: Ball
1-2: Foul Ball, location: 2F
1-2: Ball
2-2: Ground out 4-3 (Groundball, 4S)
Batting: RHB Félix Quintero 0-0: Ball
1-0: Fly out, F9 (Flyball, 9LS)
Batting: RHB Santiago Rivera 0-0: Foul Ball, location: 2F
0-1: Foul Ball, location: 2F
0-2: Ball
1-2: Foul Ball, location: 2F
1-2: Foul Ball, location: 2F
1-2: Ball
2-2: Ground out 5-3 (Groundball, 56)
Bottom of the 8th over - 1 run(s), 1 hit(s), 0 error(s), 0 left on base; Culver City 2 - Balzac 5
TOP OF THE 9TH
Culver City Extras batting - Pitching for Balzac Rams : LHP Nick Johnson
Pitching: RHP David Elías
Batting: RHB Ryan Parrish 0-0: Foul Ball, location: 2F
0-1: Ball
1-1: Fly out, F2 (Popup, 25)
Batting: LHB Richard Bell 0-0: Ground out 3-1 (Groundball, 34)
Batting: LHB Brian Ford 0-0: Called Strike
0-1: Swinging Strike
0-2: Ball
1-2: Ball
2-2: Ball
3-2: Base on Balls
Batting: RHB Daniel Santiago 0-0: Ball
1-0: SINGLE (Groundball, 56S) (infield hit)
Brian Ford to second
Batting: RHB Augusto Trevino 0-0: Ball
1-0: Foul Ball, location: 2F
1-1: Ball
2-1: Ball
3-1: Swinging Strike
3-2: Strikes out swinging
Top of the 9th over - 0 run(s), 1 hit(s), 0 error(s), 2 left on base; Culver City 2 - Balzac 5
Thursday, March 30th, 2017 - OOTP Baseball 17.12 Build 75